 Dungeon Crawl Stone Soup version 0.22-a0-571-g4a923d4b9e (webtiles) character file.

9403 Para77 the Cleaver (level 11, -3/102 HPs)
             Began as a Hill Orc Monk on June 30, 2018.
             Was a Priest of Qazlal.
             Slain by a komodo dragon (5 damage)
             ... on level 10 of the Dungeon on July 1, 2018.
             The game lasted 00:48:44 (12483 turns).

Para77 the Cleaver (Hill Orc Monk)                 Turns: 12483, Time: 00:48:45

Health: -3/102     AC: 18    Str: 18      XL:     11   Next: 45%
Magic:  5/17       EV:  7    Int: 10      God:    Qazlal [***...]
Gold:   468        SH:  4    Dex: 10 (13) Spells: 10/10 levels left

rFire    . . .     SeeInvis .   Q - +0 dire flail
rCold    . . .     Gourm    .   (shield currently unavailable)
rNeg     . . .     Faith    .   y - +0 plate armour
rPois    .         Spirit   .   x - +0 helmet
rElec    .         Reflect  .   h - +0 cloak {+Inv}
rCorr    +         Harm     .   (no gloves)
MR       +....                  O - +0 pair of boots
Stlth    ..........             (no amulet)
HPRegen  0.27/turn              C - ring of resist corrosion
MPRegen  0.15/turn              l - ring of protection from magic

@: lethally poisoned (-3 -> -9)
A: no striking features
a: Upheaval, Elemental Force, Renounce Religion, Evoke Invisibility


You were on level 10 of the Dungeon.
You worshipped Qazlal.
Qazlal was most pleased with you.
You were very hungry.

You visited 2 branches of the dungeon, and saw 11 of its levels.
You also visited: Ossuary.

You collected 468 gold pieces.

Inventory:

Hand Weapons
 n - a +1 hand axe of freezing
 v - a +0 dagger of electrocution
 Q - a +0 dire flail (weapon)
Missiles
 j - 390 stones (quivered)
Armour
 h - a +0 cloak of invisibility (worn)
 x - a +0 helmet (worn)
 y - a +0 plate armour (worn)
 O - a +0 pair of boots (worn)
Jewellery
 l - a ring of protection from magic (right hand)
 w - an uncursed amulet of magic regeneration
 C - a ring of resist corrosion (left hand)
Wands
 t - a wand of paralysis (6)
 B - a wand of random effects (24)
 I - a wand of iceblast (11)
 J - a wand of enslavement (6)
 P - a wand of clouds (2)
 S - a wand of flame (10)
Scrolls
 b - a scroll of random uselessness {unknown}
 d - 3 scrolls of remove curse
 e - 2 scrolls of fog {unknown}
 k - a scroll of enchant armour {unknown}
 m - 7 scrolls of identify
 p - 2 scrolls of fear {unknown}
 r - 4 scrolls of teleportation {unknown}
 s - a scroll of enchant weapon {unknown}
 A - 2 scrolls of immolation
 F - a scroll of magic mapping {unknown}
 L - 2 scrolls of blinking {unknown}
 N - a scroll of noise {unknown}
Potions
 f - 2 potions of ambrosia
 g - 3 potions of lignification
 o - 3 potions of flight {unknown}
 q - 2 potions of degeneration {unknown}
 u - 2 potions of haste {unknown}
 z - a potion of magic {unknown}
 D - a potion of might
 E - 3 potions of heal wounds {unknown}
 G - a potion of mutation {unknown}
 H - 4 potions of curing
 K - a potion of invisibility {unknown}
 M - a potion of brilliance {unknown}
Miscellaneous
 R - a sack of spiders
Comestibles
 a - 4 chunks of flesh
 c - 17 rations


   Skills:
 + Level 11.0 Fighting
 + Level 13.7 Axes
 + Level 9.2 Armour
 - Level 2.4 Dodging
 - Level 1.5 Stealth
 + Level 9.2 Invocations


You had 10 spell levels left.
You didn't know any spells.
Your spell library contained the following spells:

 Spells                   Type           Power        Failure   Level  Hunger
 Confuse                  Hex            #.......     100%        3    ####...
 Throw Frost              Conj/Ice       #.....       100%        2    ###....
 Mephitic Cloud           Conj/Pois/Air  #.......     100%        3    ####...
 Olgreb's Toxic Radiance  Pois           #.......     100%        4    #####..
 Freeze                   Ice            #...         100%        1    ##.....
 Summon Ice Beast         Ice/Summ       #.......     100%        4    #####..
 Ozocubu's Armour         Chrm/Ice       #.......     100%        3    ####...
 Tukima's Dance           Hex            #.......     100%        3    ####...
 Spider Form              Tmut/Pois      #.........   100%        3    ####...
 Blade Hands              Tmut           #.........   100%        5    ######.
 Ice Form                 Ice/Tmut       #.......     100%        4    #####..
 Throw Icicle             Conj/Ice       #.......     100%        4    #####..
 Confusing Touch          Hex            #.....       100%        1    ##.....
 Sticks to Snakes         Tmut           #.......     100%        2    ###....
 Ensorcelled Hibernation  Hex/Ice        #.....       100%        2    ###....
 Metabolic Englaciation   Hex/Ice        #.........   100%        5    ######.
 Corona                   Hex            #......      100%        1    ##.....
 Alistair's Intoxication  Tmut/Pois      #.......     100%        5    ######.
 Petrify                  Tmut/Erth      #.......     100%        4    #####..
 Beastly Appendage        Tmut           #.....       100%        1    ##.....
 Dazzling Spray           Conj/Hex       #.....       100%        3    ####...
 Gell's Gravitas          Tloc           #.........   100%        3    ####...
 Yara's Violent Unravell  Hex/Tmut       #.........   100%        5    ######.


Dungeon Overview and Level Annotations

Branches:
Dungeon (10/15)            Temple (1/1) D:4            Lair (0/6) D:8
    Orc (0/2) D:9

Altars:
Ashenzari
Cheibriados
Elyvilon
Fedhas
Hepliaklqana
Kikubaaqudgha
Makhleb
Nemelex Xobeh
Okawaru
Qazlal
Ru
Sif Muna
Trog
Uskayaw
Vehumet
Wu Jian
Yredelemnul
The Shining One

Shops:
D:5 =   D:8 =   D:9 :

Annotations:
D:6 exclusions: 2 electric eels and 2 more exclusions
D:7 1 runed door, NoiZ's ghost, novice MiFi
D:8 exclusion: ice statue


Message History

You feel sick. The killer bee closely misses you.
The komodo dragon bites you but does no damage.
The killer bee stings you but does no damage.
You closely miss the komodo dragon.
* * * LOW HITPOINT WARNING * * *
You feel sick. The killer bee closely misses you.
The killer bee stings you but does no damage.
The komodo dragon bites you but does no damage.
The orc falls through a shaft!
The shaft crumbles and collapses.
The killer bee stings you but does no damage.
You bludgeon the komodo dragon!!
The komodo dragon is heavily wounded.
* * * LOW HITPOINT WARNING * * *
You feel sick.
The killer bee is struck by lightning.
The killer bee stings you but does no damage. x2
The killer bee is struck by lightning.
You kill the killer bee!
Qazlal accepts your kill. The komodo dragon bites you.
You die...

♣. #............... ..
#...##)........## ..
#...##........♣≈. ..
#...##........≈≈P ..
#...##.........PP ..
##...##........... ..
#...............#. ..
#.y............... ..
#@l.###...###....≈ .#
#§§.# #...# #...≈♣ #
.####y.(# #.).#≈≈..≈≈≈
.....§..###E..≈≈≈.....
..o....†.....P≈≈≈≈.;≈≈
.............♣P≈≈≈≈.≈≈
########.###≈≈≈≈≈≈≈.≈P
#.. ≈≈≈P≈≈≈≈.≈≈
##.♣PP≈≈≈≈≈≈.≈≈


You could see a komodo dragon and 2 killer bees.

Vanquished Creatures
  2 two-headed ogres
  An unseen horror (D:7)
  Pikel (D:7)
  Maurice (D:8)
  2 hornets
  A hippogriff (D:9)
  5 yaks (D:9)
  2 humans (D:8)
  2 hungry ghosts (D:9)
  A water moccasin (D:9)
  5 orc warriors
  A sky beast (D:6)
  An eye of draining (D:8)
  A black bear (D:10)
  3 phantoms
  4 ice beasts
  A slave (D:7)
  6 centaurs
  7 ogres
  2 big kobolds
  2 crocodiles
  A bullfrog (D:8)
  A water moccasin zombie (Ossuary)
  5 scorpions
  5 wights
  4 killer bees
  A howler monkey (D:4)
  6 crimson imps
  A centaur zombie (D:8)
  A bullfrog zombie (D:6)
  2 hounds
  2 quasits
  A gnoll shaman (D:6)
  5 orc wizards (D:9)
  3 orc priests
  3 jellies
  Crazy Yiuf (D:2)
  Natasha (D:3)
  8 worker ants
  Terence (D:3)
  2 big kobold zombies (Ossuary)
  3 mummies
  2 worker ant zombies
  Robin (D:2)
  6 adders
  8 gnolls
  An ooze (D:6)
  9 adder zombies
  An adder skeleton (D:8)
  A worm (D:3)
  7 leopard geckos
  13 orcs
  A ball python (D:1)
  4 giant cockroaches
  5 gnoll zombies
  17 goblins
  8 hobgoblins
  6 jackals
  8 quokkas
  A ball python skeleton (D:4)
  A ball python zombie (D:5)
  5 bats
  7 frilled lizards
  4 hobgoblin zombies (Ossuary)
  14 kobolds
  12 kobold zombies (Ossuary)
  A leopard gecko skeleton (D:4)
  7 orc zombies (Ossuary)
  A quokka skeleton (D:9)
  10 rats
269 creatures vanquished.

Vanquished Creatures (others)
  A big kobold (D:7)
  A worker ant (D:7)
  3 kobolds (D:7)
  A leopard gecko zombie (D:7)
  3 plants (D:6)
9 creatures vanquished.

Grand Total: 278 creatures vanquished

Notes
Turn   | Place    | Note
-------+----------+-------------------------------------------
     0 | D:1      | Para77 the Hill Orc Monk began the quest for the Orb.
     0 | D:1      | Reached XP level 1. HP: 19/19 MP: 1/1
   154 | D:1      | Reached XP level 2. HP: 26/27 MP: 2/2
   331 | D:1      | Reached skill level 5 in Axes
   390 | D:1      | Reached XP level 3. HP: 29/33 MP: 3/3
   702 | D:2      | Noticed Terence
   786 | D:2      | Found a runed door.
   866 | D:2      | Found a bloodstained altar of Trog.
   898 | D:2      | Noticed an ice beast
  1115 | D:3      | Killed Terence
  1115 | D:3      | Reached XP level 4. HP: 22/41 MP: 4/4
  1409 | D:3      | Found a blossoming altar of Fedhas.
  1621 | D:3      | Noticed Natasha
  1630 | D:3      | Killed Natasha
  1630 | D:3      | Reached skill level 6 in Axes
  1843 | D:3      | Noticed a two-headed ogre
  1974 | D:2      | Killed an ice beast
  1974 | D:2      | Reached skill level 5 in Fighting
  1974 | D:2      | Reached skill level 1 in Armour
  1974 | D:2      | Reached XP level 5. HP: 25/48 MP: 5/5
  2030 | D:2      | Reached skill level 7 in Axes
  2062 | D:2      | Noticed Robin
  2195 | D:2      | Reached XP level 6. HP: 56/56 MP: 6/6
  2219 | D:2      | Killed Robin
  2615 | D:2      | Noticed Crazy Yiuf
  2631 | D:2      | Killed Crazy Yiuf
  2989 | D:3      | Found a glowing golden altar of the Shining One.
  3091 | D:3      | Killed a two-headed ogre
  3091 | D:3      | Reached skill level 9 in Axes
  3091 | D:3      | Reached XP level 7. HP: 15/64 MP: 5/7
  3091 | D:3      | Reached XP level 8. HP: 17/71 MP: 5/8
  4025 | D:4      | Found a staircase to the Ecumenical Temple.
  4034 | Temple   | Entered the Ecumenical Temple
  4046 | Temple   | Became a worshipper of Qazlal Stormbringer
  4046 | Temple   | Reached * piety under Qazlal
  4046 | Temple   | Reached ** piety under Qazlal
  4072 | D:4      | Reached skill level 10 in Axes
  4540 | D:5      | Entered Level 5 of the Dungeon
  4838 | D:5      | Reached skill level 5 in Armour
  4838 | D:5      | Reached skill level 1 in Invocations
  5388 | D:5      | Found Xute's Jewellery Boutique.
  5420 | D:5      | Reached skill level 11 in Axes
  5420 | D:5      | Reached XP level 9. HP: 79/79 MP: 10/10
  5480 | D:5      | Found a deep blue altar of Sif Muna.
  5599 | D:6      | Found a sacrificial altar of Ru.
  5679 | D:6      | Found a shattered altar of Ashenzari.
  7350 | D:7      | Noticed Pikel
  7370 | D:7      | Killed Pikel
  7370 | D:7      | Reached *** piety under Qazlal
  7370 | D:7      | Reached skill level 12 in Axes
  7622 | D:7      | Identified the Incunabulum of Intoxication
  7768 | D:7      | Found a runed door.
  7774 | D:7      | Noticed NoiZ's ghost (novice MiFi)
  7802 | D:7      | Killed an unseen horror
  7802 | D:7      | Reached skill level 5 in Invocations
  7802 | D:7      | Reached XP level 10. HP: 60/91 MP: 12/14
  8520 | D:8      | Noticed an ice statue
  8631 | D:8      | Found a sand-covered staircase.
  8636 | Ossuary  | Entered an ossuary
  8741 | Ossuary  | Reached skill level 13 in Axes
  8870 | Ossuary  | Reached **** piety under Qazlal
  9139 | D:8      | Noticed Maurice
  9207 | D:8      | Killed Maurice
  9263 | D:8      | Found Jasa's Jewellery Emporium.
  9305 | D:8      | Paralysed by a hornet for 1 turns
  9613 | D:8      | Found a staircase to the Lair.
  9650 | D:8      | Found a basalt altar of Yredelemnul.
  9697 | D:8      | Found an iron altar of Okawaru.
  9865 | D:8      | Upgraded the game from 0.22-a0-570-g58866f5d57 to 0.22-a0-571-g4a923d4b9e
 10728 | D:9      | Reached skill level 10 in Fighting
 10794 | D:9      | Reached XP level 11. HP: 78/99 MP: 16/16
 11090 | D:9      | Found a staircase to the Orcish Mines.
 11193 | D:9      | Noticed a two-headed ogre
 11241 | D:9      | Killed a two-headed ogre
 12129 | D:9      | Found Egiyf's Book Emporium.
 12206 | D:9      | Found a snail-covered altar of Cheibriados.
 12322 | D:10     | Entered Level 10 of the Dungeon
 12480 | D:10     | HP: 4/102 [poisoned by a killer bee]
 12483 | D:10     | Slain by a komodo dragon

Vault maps used:
D:1:      dpeg_arrival_shelter
D:2:      lemuel_crystal_altar, uniq_terence, uniq_robin,
          uniq_crazy_yiuf_cottage
D:3:      lemuel_coloured_pillars_altar, nicolae_overflow_hidden_temple,
          first_ration, moated_statue, grunt_decor_cap, uniq_natasha
D:4:      minmay_temple_entry_mist
D:5:      led_sif_pool, serial_shops, shop, grunt_ministairs_3
D:6:      evilmike_ruin_ashenzari, basic_altar, st_stairs_6,
          serial_bayou_lagoon_a
D:7:      ebering_ghost_reflecting_pool, grunt_ogre_cave, uniq_pikel
D:8:      cheibrodos_frozen_isle, lemuel_zombie_altar_yredelemnul,
          okawaru_humans, serial_shops, shop, enter_ossuary_5, uniq_maurice
D:9:      slow_altar_1, david_orc_3, serial_shops, nicolae_shop_window_shopping,
          wad_dig_loot
D:10:     kennysheep_spiral_hall, serial_bayou, serial_bayou_pond_c,
          serial_bayou_pond_e, serial_bayou_lagoon_b, serial_bayou_lake_a,
          lightli_bailey_entry_fortress, minmay_item_behind_shaft, minivault_20,
          moated_statue
Temple:   eino_temple_lava
Ossuary:  ossuary_tomb_2

Skill      XL: |  1  2  3  4  5  6  7  8  9 10 11 |
---------------+----------------------------------+-----
Fighting       | 4 5 6 7 9 10 11 | 11.0
Axes           | 5 6 7 9 11 12 13 | 13.7
Armour         | 1 4 5 6 8 9 |  9.2
Invocations    | 2 5 7 9 |  9.2
Dodging        | |  2.4
Stealth        | |  1.5

Action                   |  1- 3 |  4- 6 |  7- 9 | 10-12 || total
-------------------------+-------+-------+-------+-------++-------
Melee: Hand axe          |   109 |   105 |   337 |   373 ||   924
       Dagger            |       |    45 |     7 |       ||    52
       Dire flail        |       |       |       |   353 ||   353
Invok: Upheaval          |       |       |       |     9 ||     9
       Elemental Force   |       |       |       |     1 ||     1
 Abil: Evoke Invisibilit |       |     1 |     4 |     2 ||     7
Evoke: Wand              |       |       |     1 |       ||     1
  Use: Scroll            |       |     2 |       |     2 ||     4
       Potion            |       |     1 |       |     1 ||     2
 Stab: Sleeping          |     1 |       |       |       ||     1
       Invisible         |       |     2 |     4 |     6 ||    12
       Paralysed         |       |       |     4 |       ||     4
  Eat: Chunk             |     1 |     5 |    15 |    15 ||    36
       Ration            |       |       |     1 |     3 ||     4
Armor: Ring mail         |    59 |       |       |       ||    59
       Chain mail        |       |    50 |       |       ||    50
       Plate armour      |       |     5 |   165 |   356 ||   526
       Skin              |       |     4 |       |       ||     4
Dodge: Dodged            |   102 |    55 |    67 |   189 ||   413
       Deflected         |       |       |       |     6 ||     6
Block: Other             |       |       |    32 |   112 ||   144

Table legend:
 A = Spawn XP
 B = Non-spawn XP
 C = Spawn XP percentage of total XP
 D = Spawn monster count
 E = Non-spawn monster count
 F = Spawn count percentage of total count
 G = Total turns spent on level
                    A         B        C        D         E        F      G
               +---------+---------+-------+---------+---------+-------+---------
         Total |       0 |   13433 |   0.0 |       0 |     268 |   0.0 | 12483
               +---------+---------+-------+---------+---------+-------+---------
           D:1 |       0 |      42 |   0.0 |       0 |      24 |   0.0 |   858
           D:2 |       0 |     293 |   0.0 |       0 |      41 |   0.0 |  1302
           D:3 |       0 |    1040 |   0.0 |       0 |      15 |   0.0 |  1502
           D:4 |       0 |     467 |   0.0 |       0 |      11 |   0.0 |   868
           D:5 |       0 |     580 |   0.0 |       0 |      17 |   0.0 |  1119
           D:6 |       0 |     538 |   0.0 |       0 |      12 |   0.0 |  1354
           D:7 |       0 |    2146 |   0.0 |       0 |      19 |   0.0 |  1247
           D:8 |       0 |    2695 |   0.0 |       0 |      35 |   0.0 |  2285
           D:9 |       0 |    4900 |   0.0 |       0 |      47 |   0.0 |  1505
          D:10 |       0 |     491 |   0.0 |       0 |       8 |   0.0 |    85
       Ossuary |       0 |     241 |   0.0 |       0 |      39 |   0.0 |   337
               +---------+---------+-------+---------+---------+-------+---------
